 Dungeon Crawl Stone Soup version 0.17.1-1-g73c8601 (webtiles) character file.

71 KenranThePanda the Twirler (level 4, 0/26 HPs)
             Began as a Gargoyle Gladiator on Dec 27, 2015.
             Was an Initiate of Okawaru.
             Killed from afar by Sigmund (3 damage)
             ... with a puff of flame
             ... on level 4 of the Dungeon.
             The game lasted 00:06:21 (2194 turns).

KenranThePanda the Twirler (Gargoyle Gladiator)     Turns: 2194, Time: 00:06:22

Health: 0/26       AC:  7    Str: 24    XL:     4   Next: 24%
Magic:  4/4        EV: 12    Int:  8    God:    Okawaru [......]
Gold:   191        SH:  0    Dex: 11    Spells: 0 memorised, 3 levels left

rFire  . . .     SeeInvis .     a - +0 quarterstaff
rCold  . . .     Clarity  .     p - +0 leather armour (curse)
rNeg   + . .     SustAt   .     (shield currently unavailable)
rPois  ∞         Gourm    .     c - +0 helmet
rElec  +         Spirit   .     (no cloak)
rCorr  .         Warding  .     (no gloves)
rMut   .         Stasis   .     (no boots)
MR     .....                    (no amulet)
Stlth  +.........               (no ring)
                                (no ring)

@: mighty, not resistant to hostile enchantments, very unstealthy
A: negative energy resistance 1, electricity resistance, unbreathing,
petrification resistance, rot immunity, AC +3
a: Renounce Religion


You were on level 4 of the Dungeon.
You worshipped Okawaru.
Okawaru was noncommittal.
You were not hungry.

You visited 1 branch of the dungeon, and saw 4 of its levels.

You collected 191 gold pieces.

Inventory:

Hand Weapons
 a - a +0 quarterstaff (weapon)
Missiles
 d - 3 throwing nets (quivered)
Armour
 c - a +0 helmet (worn)
 p - a cursed +0 leather armour (worn)
 r - a +0 ring mail
Jewellery
 b - an uncursed amulet of guardian spirit {unknown}
 l - a +1 ring of protection {unknown}
 n - a cursed ring of teleportation {unknown}
Scrolls
 f - 3 scrolls of fear {unknown}
 h - a scroll of magic mapping {unknown}
 i - a scroll of teleportation {unknown}
 k - 2 scrolls of remove curse {unknown}
 m - 3 scrolls of identify {unknown}
 o - a scroll of fog {unknown}
 q - a scroll of noise {unknown}
 x - a scroll of enchant weapon {unknown}
Potions
 g - 2 potions of curing {unknown}
 s - a potion of might
 t - a potion of brilliance {unknown}
 u - a potion of poison {unknown}
 v - a potion of cure mutation {unknown}
 w - a potion of berserk rage {unknown}
 z - a potion of degeneration {unknown}
 B - a potion of heal wounds {unknown}
Comestibles
 e - a bread ration
 j - a beef jerky
 A - a chunk of flesh


   Skills:
 - Level 2.1 Fighting
 + Level 4.9 Staves
 - Level 1.7 Throwing
 - Level 2.4 Dodging


You had 3 spell levels left.
You didn't know any spells.

Dungeon Overview and Level Annotations

Branches:
Dungeon (4/15)             Temple (0/1) D:4

Altars:
Okawaru

Annotations:
D:4 Sigmund


Innate Abilities, Weirdness & Mutations

You are resistant to torment.
Your stone body is resilient (AC +3).
You are immune to poison.
You resist negative energy.
You are resistant to electric shocks.
You can survive without breathing.
You are immune to petrification.
You are immune to rotting.


Message History

You feel very mighty all of a sudden. The worker ant misses you.
The giant frog skeleton closely misses you.
Sigmund barely misses you.
You completely miss Sigmund.
Sigmund is moderately wounded.
The worker ant bites you but does no damage.
The giant frog skeleton barely misses you.
The worker ant misses you. Sigmund gestures at you while chanting.
The magic dart hits you!
* * * LOW HITPOINT WARNING * * *
You hit Sigmund.
Sigmund is moderately wounded.
The giant frog skeleton misses you. The worker ant bites you.
* * * LOW HITPOINT WARNING * * *
The giant frog skeleton misses you. Sigmund gestures at you while chanting.
The puff of flame hits you!
You die...

#.8. .>. #8.
..## ..####...
......##
##....#.##..
#...@Z......
#......@a..#...
##.............
###.......##.#
..#....#... #
##.....##....
####... ....
#### ..##


You could see Sigmund, a worker ant and a giant frog skeleton.

Vanquished Creatures
  An adder (D:3)
  2 worms (D:2)
  5 giant geckos (D:1)
  3 orcs (D:3)
  6 bats
  3 giant cockroaches
  6 goblins
  A hobgoblin (D:2)
  10 kobolds
  2 quokkas
  4 giant newts
  6 rats
49 creatures vanquished.

Vanquished Creatures (others)
  A plant (D:1)
1 creature vanquished.

Grand Total: 50 creatures vanquished

Notes
Turn   | Place    | Note
--------------------------------------------------------------
     0 | D:1      | KenranThePanda the Gargoyle Gladiator began the quest for the Orb.
     0 | D:1      | Reached XP level 1. HP: 12/12 MP: 1/1
   134 | D:1      | Reached XP level 2. HP: 9/17 MP: 2/2
   897 | D:1      | Reached skill level 4 in Staves
  1059 | D:1      | Reached XP level 3. HP: 21/21 MP: 3/3
  1344 | D:2      | Found an iron altar of Okawaru.
  1360 | D:2      | Became a worshipper of Warmaster Okawaru
  1912 | D:3      | Reached XP level 4. HP: 26/26 MP: 4/4
  2164 | D:3      | Noticed Sigmund
  2185 | D:4      | Found a staircase to the Ecumenical Temple.
  2194 | D:4      | Killed from afar by Sigmund

Action                   |  1- 3 |  4- 6 || total
-------------------------+-------+-------++-------
Melee: Quarterstaff      |   134 |    28 ||   162
  Use: Potion            |       |     1 ||     1
 Stab: Sleeping          |     1 |       ||     1
  Eat: Chunk             |     3 |     1 ||     4
